Cogmind - Beta 13 @@@ ROGUE MODE // 2024.04.01 @ 09:05:11 Player: zygorg Result: Destroyed by Y-54 Guardian with Gatling Laser Performance ------------- Evolutions (3) 1500 Regions Visited (4) 800 Robots Destroyed (90) 450 Value Destroyed (2643) 2643 Prototype IDs (1) 20 Alien Tech Used (0) 0 Bonus (0) 0 TOTAL SCORE: 5413 Bonus ------- None Cogmind --------- Core Integrity 0/700 Matter 228/300 Energy 100/100 System Corruption 12% Temperature Cool (18) Movement Core (700) Ox13 Location -7/Factory Parts ------- > --- POWER (1) -------- (None) > --- PROPULSION (3) --- (None) > --- UTILITY (6) ------ Improved Heat Sink Coolant Injector High-capacity Storage Unit Advanced Visual Processing Unit Improved Signal Interpreter > --- WEAPON (3) ------- (None) > --- INVENTORY (20) --- Light Ion Engine Light Nuclear Core Micro Nuclear Core Heat Sink Improved Heat Sink Structural Scanner Visual Processing Unit Improved Terrain Scanner Seismic Detector Core Analyzer Hardlight Generator Hardlight Generator Component Analysis Suite Recalibrator Peak State ------------ > --- POWER ------------ Light Nuclear Core > --- PROPULSION ------- Improved Hover Unit Gravmag System Gravmag System > --- UTILITY ---------- Improved Heat Sink Improved Heat Sink Coolant Injector High-capacity Storage Unit Advanced Visual Processing Unit Improved Signal Interpreter > --- WEAPON ----------- Gatling Laser Plasma Cannon Light Assault Rifle > --- INVENTORY -------- Light Deuterium Engine Light Nuclear Core Micro Nuclear Core Heat Sink Improved Heat Sink Improved Heat Sink Structural Scanner Visual Processing Unit Seismic Detector Core Analyzer ECM Suite Hardlight Generator Hardlight Generator Component Analysis Suite Recalibrator Grenade Launcher [Rating: 43] Favorites ----------- Power Light Ion Engine Engine Light Ion Engine Power Core Light Nuclear Core Propulsion Light Treads Treads Light Treads Hover Unit Gravmag System Flight Unit VTOL Module Utility Improved Heat Sink Device Improved Heat Sink Storage High-capacity Storage Unit Processor Signal Interpreter Protection Light Armor Plating Weapon Particle Gun Energy Gun Particle Gun Energy Cannon Beam Cannon Ballistic Gun Gauss Rifle Launcher Grenade Launcher Build | -11 -10 -9 -8 -7 ------- Run | Yrd Mat Mat Mat Fac Slots Evolved 6 | . . 2 2 2 Power . | . . . . . Propulsion 1 | . . . . 1 Utility 4 | . . 2 2 . Weapon 1 | . . . . 1 Parts Attached 83 | 6 7 10 22 38 Power 12 | 1 . 2 4 5 Engine 7 | 1 . 2 2 2 Core 5 | . . . 2 3 Reactor . | . . . . . Propulsion 18 | 2 . 2 4 10 Treads 11 | 2 . 2 4 3 Leg . | . . . . . Wheel . | . . . . . Hover 3 | . . . . 3 Flight 4 | . . . . 4 Utility 32 | 1 4 4 10 13 Device 21 | . 2 2 7 10 Storage 4 | 1 2 1 . . Processor 3 | . . 1 . 2 Hackware . | . . . . . Protection 4 | . . . 3 1 Artifact . | . . . . . Weapon 21 | 2 3 2 4 10 Energy Gun 14 | 2 1 1 4 6 Energy Cannon 4 | . 2 1 . 1 Ballistic Gun 2 | . . . . 2 Ballistic Cannon . | . . . . . Launcher 1 | . . . . 1 Special Weapon . | . . . . . Impact Weapon . | . . . . . Slashing Weapon . | . . . . . Piercing Weapon . | . . . . . Special Melee Weapon . | . . . . . Unidentified Prototypes 1 | . . 1 . . Parts Lost 36 | . 1 . 8 27 Power 5 | . . . . 5 Propulsion 8 | . . . 2 6 Utility 11 | . . . 4 7 Weapon 12 | . 1 . 2 9 Highest Loss Streak 6 | . 1 . 5 6 To Critical Strikes 1 | . . . . 1 Average Slot Usage (%) 93 | . 94 100 97 90 Engine 7 | . 14 11 7 4 Core 1 | . . . 1 2 Treads 18 | . 28 22 18 14 Device 23 | . 9 22 26 27 Storage 8 | . 14 11 9 7 Processor 7 | . . 11 9 7 Protection 1 | . . . 6 . Energy Gun 14 | . 22 . 14 16 Energy Cannon 6 | . 5 22 3 2 Ballistic Gun 1 | . . . . 2 Naked Turns . | . . . . . Heaviest Build 65 | 11 30 51 59 65 Greatest Support 60 | 40 40 40 40 60 Greatest Overweight (x) 21 | . . 1 1 21 Average Overweight (x) 1 | . . . 1 2 Largest Inventory Capacity 20 | 8 15 20 20 20 Average Capacity 18 | 7 12 18 20 20 Most Carried 19 | 5 14 16 18 19 Average Carried 12 | 1 6 11 10 14 Final Capacity 20 | 8 15 20 20 20 Final Carried 14 | 1 14 13 10 14 Class Distribution -------------------- 34% | Scavenger-Skirmisher 30% | Mutant 18% | Scavenger-Mutant 11% | Scavenger-Gunner 5% | Scavenger-Tank Dominant Class ---------------- Mutant | -10/Materials Mutant | -9/Materials Scavenger-Mutant | -8/Materials Scavenger-Skirmisher | -7/Factory Resources | -11 -10 -9 -8 -7 ----------- Run | Yrd Mat Mat Mat Fac Matter Collected 1098 | 246 72 67 221 492 Remotely . | . . . . . Salvage Created 3289 | . 255 314 1087 1633 Parts 191 | . 24 21 58 88 Haulers Intercepted . | . . . . . Recyclers Shooed 3 | . . . . 3 Parts Field Recycled . | . . . . . Retrieved Matter . | . . . . . Parts Self-Destructed . | . . . . . Prevented . | . . . . . Kills | -11 -10 -9 -8 -7 ------- Run | Yrd Mat Mat Mat Fac Combat Hostiles Destroyed 61 | . 10 7 17 27 Guns 40 | . 8 . 12 20 Cannons 16 | . 2 7 3 4 AOE 3 | . . . . 3 Classes Destroyed 13 | . 3 2 3 5 Worker 9 | . . . . 9 Builder 4 | . . . 1 3 Tunneler 2 | . . . . 2 Recycler 8 | . . 1 4 3 Watcher 6 | . 1 1 3 1 Swarmer 18 | . 6 4 4 4 Grunt 22 | . 4 . 7 11 Brawler 1 | . . . . 1 Duelist 3 | . . . . 3 Sentry 7 | . . 3 2 2 Hunter 5 | . . . 3 2 Programmer 4 | . . . . 4 Heavy 1 | . . . 1 . Best Kill Streak 8 | . 5 4 7 8 Combat Bots Only 5 | . 5 4 4 4 Max Kills in Single Turn 2 | . 1 1 2 2 Gunslinging 1 | . . . 1 . Exploded 2 | . . . . 2 Melee . | . . . . . Uniques/NPCs Destroyed . | . . . . . Combat | -11 -10 -9 -8 -7 -------- Run | Yrd Mat Mat Mat Fac Hostile Shots Fired 544 | . 48 23 124 349 Missed 207 | . 15 10 43 139 Damage Taken 4875 | . 332 150 1365 3028 Core 1019 | . 78 37 200 704 Absorbed by Shields . | . . . . . Regen/Repaired (Parts) 247 | . . . 46 201 Core Remaining (%) 80 | 100 68 90 63 . Volleys Fired 218 | . 31 21 67 99 Largest 3 | . 2 2 2 3 Hottest 210 | . 120 120 120 210 Shots Fired 497 | . 60 42 133 262 Gun 376 | . 50 . 108 218 Cannon 116 | . 10 42 25 39 Launcher 5 | . . . . 5 Special . | . . . . . Kinetic 40 | . . . . 40 Thermal 426 | . 60 42 127 197 Explosive 5 | . . . . 5 Electromagnetic 26 | . . . 6 20 Robot Hit Streak 19 | . 6 5 7 19 Robot Miss Streak 6 | . 4 2 4 6 Penetration Max 1 | . . . . 1 Secondary Targets 6 | . . . 2 4 Max Gunslinging Chain 1 | . . . 1 1 Shots Hit Robots 316 | . 30 24 83 179 Core Hits 167 | . 14 12 43 98 Critical Kills 2 | . . . 1 1 Critical Parts Destroyed . | . . . . . Critical Strikes 15 | . . . 11 4 Burn 13 | . . . 10 3 Meltdown 1 | . . . 1 . Destroy 1 | . . . . 1 Melee Attacks . | . . . . . Impact . | . . . . . Slashing . | . . . . . Piercing . | . . . . . Sneak Attacks . | . . . . . Combat Hostiles . | . . . . . Follow-up Attacks . | . . . . . Damage Inflicted 6251 | . 405 420 1381 4045 Guns 4246 | . 288 . 1086 2872 Cannons 1474 | . 105 419 246 704 Explosions 513 | . . . 49 464 Melee . | . . . . . Ramming 18 | . 12 1 . 5 Kinetic 431 | . . . . 431 Thermal 5246 | . 393 419 1315 3119 Explosive 214 | . . . . 214 Electromagnetic 342 | . . . 66 276 Impact . | . . . . . Slashing . | . . . . . Piercing . | . . . . . Highest Corruption 12 | . . . . 12 Average Corruption 9 | . . . . 9 Corruption Purged . | . . . . . Corruption Blocked . | . . . . . Effects 92 | . . . . 92 Message Errors 25 | . . . . 25 Matter Fused 21 | . . . . 21 Heat Flow Errors 9 | . . . . 9 Energy Discharges 9 | . . . . 9 Parts Rejected 1 | . . . . 1 Parts Fused 1 | . . . . 1 Data Loss (minor) 12 | . . . . 12 Data Loss (major) 1 | . . . . 1 Misfires 2 | . . . . 2 Alerts 2 | . . . . 2 Weapon Failures 9 | . . . . 9 Overload Shots . | . . . . . Overflow Damage 67 | . . . 33 34 Projectiles 20 | . . . . 20 Explosions 47 | . . . 33 14 Melee . | . . . . . Knockbacks . | . . . . . Impact . | . . . . . Kinetic . | . . . . . Secondary . | . . . . . Self-Inflicted Damage 160 | . . . 12 148 Shots 6 | . . . 1 5 Rammed 4 | . 2 1 . 1 Targets Rammed 5 | . 2 1 . 2 Kicked . | . . . . . Crushed 1 | . . . . 1 Highest Temperature 384 | . 384 288 59 247 Average Temperature 71 | . 140 58 13 45 Received Heat Transfer 960 | . 126 36 297 501 Siege Activations . | . . . . . Robots Corrupted . | . . . . . Combat Hostiles . | . . . . . Parts Fried . | . . . . . Impact Corruptions . | . . . . . Robots Melted 3 | . . . 3 . Combat Hostiles 2 | . . . 2 . Parts Melted 43 | . 3 1 20 19 Heat Transferred 12436 | . 943 888 3948 6657 Parts Sabotaged . | . . . . . Parts Stolen . | . . . . . Parts Stripped . | . . . . . Power Chain Reactions 2 | . . . 1 1 Alert | -11 -10 -9 -8 -7 ------- Run | Yrd Mat Mat Mat Fac Peak Influence 384 | . 138 253 329 384 Initial 149 | . . 55 44 149 Average 172 | . 100 122 184 204 Maximum Alert Level 1 | . . 1 1 1 Low Security (%) 61 | 100 100 73 48 51 Level 1 38 | . . 26 51 48 Level 2 . | . . . . . Level 3 . | . . . . . Level 4 . | . . . . . Level 5 . | . . . . . High Security . | . . . . . Max Security . | . . . . . Squads Dispatched 10 | . 1 . 2 7 Investigation 2 | . . . 1 1 Extermination 3 | . . . . 3 Reinforcement 5 | . 1 . 1 3 Assault . | . . . . . Garrison . | . . . . . Intercept . | . . . . . Searches Triggered . | . . . . . Construction Impeded . | . . . . . Haulers Reinforced 1 | . . . . 1 Active Scanning Responses . | . . . . . Cargo Convoy Interrupts . | . . . . . Stealth | -11 -10 -9 -8 -7 --------- Run | Yrd Mat Mat Mat Fac Distress Signals 4 | . . . 2 2 Communications Jammed . | . . . . . Distress Signals . | . . . . . Times Spotted 93 | . 16 12 24 41 Peak Tracking Total 5 | . 5 2 4 4 Tactical Retreats 1 | . . . . 1 Traps | -11 -10 -9 -8 -7 ------- Run | Yrd Mat Mat Mat Fac Traps Triggered 2 | . . . 1 1 Indirectly . | . . . . . Trap Hack Attempts . | . . . . . Triggered . | . . . . . Disarmed . | . . . . . Reprogrammed . | . . . . . Reused . | . . . . . Traps Extracted . | . . . . . Installed . | . . . . . Triggered . | . . . . . Machines | -11 -10 -9 -8 -7 ---------- Run | Yrd Mat Mat Mat Fac Machines Disabled 8 | . . . 2 6 Max in Single Turn 2 | . . . 1 2 Machines Repaired . | . . . . . Machines Dismantled . | . . . . . Machines Sabotaged . | . . . . . Overloaded Fab Kills . | . . . . . Hacking | -11 -10 -9 -8 -7 --------- Run | Yrd Mat Mat Mat Fac Machines Accessed 12 | . 3 2 3 4 Terminals 8 | . 3 1 2 2 Fabricators . | . . . . . Repair Stations 3 | . . 1 1 1 Recycling Units 1 | . . . . 1 Scanalyzers . | . . . . . Garrison Access . | . . . . . Total Hacks 42 | . 14 7 12 9 Successful 22 | . 9 1 7 5 Failed 20 | . 5 6 5 4 Catastrophic 3 | . . 1 1 1 Database Lockouts . | . . . . . Manual . | . . . . . Terminals 29 | . 14 2 9 4 Fabricators . | . . . . . Repair Stations 10 | . . 5 3 2 Recycling Units 3 | . . . . 3 Scanalyzers . | . . . . . Garrison Access . | . . . . . Terminal Hacks 16 | . 9 . 5 2 Record 4 | . 4 . . . Robot Analysis 1 | . . . 1 . Alert Level 2 | . . . 1 1 Locate Traps 2 | . 1 . 1 . Dispatch Records 2 | . 1 . 1 . Patrol Status 1 | . . . . 1 Assault Status 1 | . 1 . . . Hauler Manifests 1 | . 1 . . . Zone Layout 2 | . 1 . 1 . Fabricator Hacks . | . . . . . Repair Station Hacks 5 | . . 1 2 2 Scan Component 3 | . . 1 1 1 Repair 2 | . . . 1 1 Recycling Unit Hacks 1 | . . . . 1 Report Inventory 1 | . . . . 1 Scanalyzer . | . . . . . Garrison Access Hacks . | . . . . . Unauthorized Hacks . | . . . . . Terminals . | . . . . . Fabricators . | . . . . . Repair Stations . | . . . . . Recycling Units . | . . . . . Scanalyzers . | . . . . . Garrison Access . | . . . . . Data Cores Recovered . | . . . . . Used . | . . . . . Hacking Detections 9 | . 3 2 2 2 Full Trace Events 2 | . . 1 . 1 Feedback Events . | . . . . . Feedback Blocked . | . . . . . Robot Schematics Acquired . | . . . . . Robots Built . | . . . . . Authchips . | . . . . . Time . | . . . . . Total Robot Build Rating . | . . . . . Part Schematics Acquired . | . . . . . Parts Built . | . . . . . Authchips . | . . . . . Time . | . . . . . Total Part Build Rating . | . . . . . Parts Repaired 2 | . . . 1 1 Time 76 | . . . 38 38 Parts Recycled . | . . . . . Recycled Matter . | . . . . . Retrieved Matter . | . . . . . Retrieved Components . | . . . . . Parts Scanalyzed . | . . . . . Part Schematics Acquired . | . . . . . Parts Damaged . | . . . . . Bothacking | -11 -10 -9 -8 -7 ------------ Run | Yrd Mat Mat Mat Fac Used RIF Installer . | . . . . . Robots Hacked . | . . . . . Non-combat . | . . . . . Combat . | . . . . . Robot Hacks Applied . | . . . . . Relay Couplers Released . | . . . . . Fabnet Peak Effective % . | . . . . . Robots Rewired . | . . . . . Allies Hacked . | . . . . . Hacks Repelled . | . . . . . Allies | -11 -10 -9 -8 -7 -------- Run | Yrd Mat Mat Mat Fac Total Allies . | . . . . . Largest Group . | . . . . . Highest-Rated Group . | . . . . . Highest-Rated Ally . | . . . . . Total Orders . | . . . . . Ally Attacks . | . . . . . Total Damage . | . . . . . Kills . | . . . . . Allies Corrupted . | . . . . . Allies Melted . | . . . . . Intel | -11 -10 -9 -8 -7 ------- Run | Yrd Mat Mat Mat Fac Robot Analysis Total 1 | . . . 1 . Derelict Logs Recovered . | . . . . . Drone Launches . | . . . . . Drone Recoveries . | . . . . . Exploration | -11 -10 -9 -8 -7 ------------- Run | Yrd Mat Mat Mat Fac Turns Passed 4471 | 60 566 701 685 2459 Spaces Moved 1417 | 36 268 281 165 667 Core 55 | 9 . . . 46 Treads 1277 | 27 268 281 165 536 Legs . | . . . . . Wheels . | . . . . . Hover 64 | . . . . 64 Flight 21 | . . . . 21 Fastest Speed 50 | 50 160 160 240 166 Average Speed 239 | 132 160 214 242 287 Slowest Speed 1100 | 160 160 240 250 1100 Overloaded Moves . | . . . . . Propulsion Burnouts . | . . . . . Robots Hopped . | . . . . . Cave-ins Triggered . | . . . . . Exploration Rate (%) 24 | 4 45 34 21 19 Regions Visited 4 Branch Regions . Pre-discovered Areas . | . . . . . Known Exits Taken 2 | . . 1 1 . Unknown Exits Taken 2 | 1 1 . . . Scrap Searched . | . . . . . Spaces Dug . | . . . . . Terrain Destroyed 21 | . . . 3 18 Melee . | . . . . . Projectile . | . . . . . AOE 21 | . . . 3 18 Terrain Rammed . | . . . . . Walls Destroyed . | . . . . . Machines Disabled . | . . . . . Actions | -11 -10 -9 -8 -7 --------- Run | Yrd Mat Mat Mat Fac Total 2034 | 48 346 340 319 981 Wait 169 | . 9 . 37 123 Move 1413 | 35 267 280 164 667 Hop . | . . . . . Pick Up 101 | 7 22 15 18 39 Fast Attach . | . . . . . Attach 53 | 6 2 2 12 31 Detach 6 | . . . 1 5 Swap 30 | . 5 8 10 7 Drop 39 | . 8 13 10 8 Fire 218 | . 31 21 67 99 Melee . | . . . . . Ram 1 | . . . . 1 Kick . | . . . . . Crush 4 | . 2 1 . 1 Escape Stasis . | . . . . . Rewire . | . . . . . Trap . | . . . . . Miscellaneous . | . . . . . Route ------- -11/Scrapyard -10/Materials (discovered 2 exits: *Mat / [*Min]) -9/Materials -8/Materials -7/Factory History --------- Turn | Location | Event 5 | -11/Scrapyard | Discovered new exit (range 14) 61 | -11/Scrapyard | Entered Materials 316 | -10/Materials | Build established: Mutant 333 | -10/Materials | Discovered new exit (range 15) 575 | -10/Materials | Discovered new exit (range 14) 627 | -10/Materials | Entered another Materials area 627 | -9/Materials | Evolved 2 slots: Utility x2 1323 | -9/Materials | Discovered new exit (range 3) 1325 | -9/Materials | Identified exit to Materials 1328 | -9/Materials | Entered another Materials area 1328 | -8/Materials | Evolved 2 slots: Utility x2 1613 | -8/Materials | Repaired Lgt. Deuterium Engine 1635 | -8/Materials | Build established: Scavenger-Mutant 1868 | -8/Materials | Lost 5 parts (2n3u) 1921 | -8/Materials | Discovered new exit (range 15) 2010 | -8/Materials | Identified exit to Factory 2013 | -8/Materials | Entered Factory 2013 | -7/Factory | Evolved 2 slots: Propulsion x1, Weapon x1 2374 | -7/Factory | Lost 3 parts (2u1w) 2625 | -7/Factory | Build established: Scavenger-Skirmisher 2693 | -7/Factory | Repaired Arm. Treads 3457 | -7/Factory | Lost 3 parts (1p1n1u) 3473 | -7/Factory | System corruption reached 10% 4023 | -7/Factory | Build established: Scavenger-Gunner 4135 | -7/Factory | Lost 5 parts (2p1n2w) 4337 | -7/Factory | Core integrity fell below 50% 4383 | -7/Factory | Lost 6 parts (1p1n2u2w) 4453 | -7/Factory | Core integrity fell below 20% 4472 | -7/Factory | Destroyed by Y-54 Guardian with Gatling Laser Last Messages --------------- 04377_ Acquired 12 matter. 04378_ K-01 Serf collects debris. 04382_ K-01 Serf destroyed. 04401_ Acquired 30 matter. 04406_ System corrupted: Component data lost. 04421_ VXDUMQQWNU 9OY%Y&IQ%X 04427_ O-24 Administrator: "IFF HANDSHAKE FAILED. SECURING TERMINAL." 04431_ W-25 Informer sends out distress signal. 04432_ ALERT: Hostiles spotted, dispatching reinforcements to Terminal F019. 04434_ Destroyed Lgt. Deuterium Engine. 04443_ F#NGQ,5E L/E IGSE%AKRHSZML8XGDB# DNSXI 04446_ System corrupted: Gatling Laser failed to cycle. 04446_ Terminal disabled. 04446_ Gravmag System destroyed. 04449_ Gatling Laser destroyed. 04449_ Plasma Cannon destroyed. 04457_ Lgt. Deuterium Engine destroyed. 04459_ System corrupted: Matter fused (-10). 04465_ ECM Suite destroyed. Map ----- +----------------------------------------------------+ | ??????????????????????????????????? # ## | | ??????????????????????????????????#?""" + | | ??????????????????????????#######????????# | | ??????????????????????????? #????????# | | ???????????????????????????""" #?? ? ?? # | | ??????????????????? ????????"" !#????????# | | ??????????????????? ????????"" ########## | | ??????????????????# ????????? + ## | | ??????????????????# ????????? # ####? | | ??????????????????# #######+##+## #???# | | ??????????????????# ![ #???? | | ??????????????????# ^![^ ######### #???? | | ??????????????????# ^^ # ##+##### | | ??????????????????#^ [ = # # [ | | ??????????????????# """ ^ ! "" # | | ??????????????????# """ *= "" # | | ???????????????Y" + "%% %% """ # = | | ??????????????????# = # """ # | | ??????????????????# ! """ # | | ????????????????### ##### ## # | | ????????????????# ## === # | | ??????????# ##### ## # === # * | | ??????????# + # == ######## | | ????????????##### ## # #??????? | | ????????????????# ## # #?????#? | | ????????????????## @### # ! #??????? | | ?????????????????# #?# ! ########??????? | | ?????????????????# #?# #?????????????? | | ?????????????????#Yo #?########?????????????? | | ?????????????????# #??????????????????????? | | ????????????????? ??????????????????????? | | ????????????????# " ??????????????????????? | | ????????????????; T ??????????????????????? | | ??????????????? # ?????????????????????? | | ??????????????? # #?????????????????????? | | ?????????????? ?### ###?????????????????????? | | ??????????????"???# ????????????????????????? | | ?????????????"????# ????????????????????????? | | ????????????""????# ????????????????????????? | | ??????????????????#a????????????????????????? | | ??????????????????# ????????????????????????? | | ??????????????????? ????????????????????????? | | ??????????????????? ????????????????????????? | | ??????????????????? ????????????????????????? | | ???????????????????#????????????????????????? | | ????????????????????????????????????????????? | | ????????????????????????????????????????????? | | ????????????????????????????????????????????? | | ????????????????????????????????????????????? | | ????????????????????????????????????????????? | +----------------------------------------------------+ Best States ------------- Heat Dissipation 72 Coolant Potential 65 Energy Generation 16 Energy Capacity 290 Matter Stores 300 Matter Capacity 300 Sight Range 20 Robot Scan Range 15 Terrain Scan Range 16 Terrain Scan Density 10 ECM Strength 1 Armor Coverage 150 Evasion (%) 50 Recoil Reduction 3 Item Schematics ----------------- None Robot Schematics ------------------ None Fabricated ------------ Nothing Alien Tech Used ----------------- None Achievements -------------- Please Form A Line System Compromised Challenges ------------ None Game ------ Seed SuspensionControlArmor Manual? 0 Play Time 01:01:38 Cumulative 3.5 hours Start 2024.03.31 @ 20:19:39 End 2024.04.01 @ 09:05:11 Sessions 3 Manual Loads 0 Difficulty Rogue Special Mode None Game No. 3 Rogue 3 Adventurer 0 Explorer 0 Win Type - Total 0 Types 0/0/0/0/0/0/0/0/0 Lore% 2 Gallery% 7 Achievement% 7 Wizard Run 0 Options --------- Layout 0 ASCII 0 Keyboard 0 Movement Mouse Keybinds 0 Fullscreen 2 Font 18/SmallcapsGlow Map View 76x50 Zoom Use 0% Tactical HUD 1 Map Filters NONE Filters NONE Steam 1 RUN: 2e18f910-06d9-4d34-9e05-c4127f8f3cda